 Dungeon Crawl Stone Soup version 0.28-b1-25-g9875b3fc8c (webtiles) character file.

Game seed: 2081805809412222323

285 tizbic2 the Shield-Bearer (level 6, -1/36 HPs)
             Began as an Octopode Venom Mage on Feb 2, 2022.
             Slain by a steam dragon (5 damage)
             ... on level 3 of the Dungeon.
             The game lasted 00:19:53 (3629 turns).

tizbic2 the Shield-Bearer (Octopode Venom Mage)     Turns: 3629, Time: 00:19:55

Health: -1/36      AC:  1    Str: 10    XL:     6   Next: 29%
Magic:  9/9        EV:  9    Int: 17    God:
Gold:   105        SH: 13    Dex: 12    Spells: 8/9 levels left

rFire   . . .      SeeInvis .   w - +5 flail (freeze)
rCold   . . .      Faith    .   d - +0 tower shield
rNeg    . . .      Spirit   .   (helmet restricted)
rPois   .          Reflect  .   (no amulet)
rElec   .          Harm     .   (no ring)
rCorr   .          Rampage  .   (no ring)
Will    .....                   (no ring)
Stlth   +++.......              (no ring)
HPRegen 0.12/turn               (no ring)
MPRegen 0.11/turn               (no ring)
                                (no ring)
                                (no ring)

@: no status effects
A: almost no armour, amphibious, 8 rings, camouflage 1, gelatinous body 1,
(nimble swimmer 1), tentacles
a: no special abilities


You were on level 3 of the Dungeon.
You visited 1 branch of the dungeon, and saw 4 of its levels.

You collected 105 gold pieces.

Inventory:

Hand Weapons
 a - a +0 dagger of venom
 w - a +5 flail of freezing (weapon)
Missiles
 c - 10 poisoned darts
Armour
 d - a +0 tower shield (worn)
Scrolls
 f - 6 scrolls of identify
 h - a scroll of brand weapon
Potions
 e - a potion of flight {unknown}
 g - 2 potions of curing {unknown}


   Skills:
 - Level 1.0 Maces & Flails
 - Level 2.2 Dodging
 - Level 2.6 Stealth
 * Level 5.2 Shields
 - Level 0.9 Unarmed Combat
 - Level 2.1 Spellcasting
 - Level 1.0 Transmutations
 - Level 4.1 Poison Magic


You had 8 spell levels left.
You knew the following spells:

 Your Spells              Type           Power      Damage    Failure   Level
a - Sting                 Tmut/Pois      40%        1d5       56%         1

Your spell library contained the following spells:

 Spells                   Type           Power      Damage    Failure   Level
 Poisonous Vapours        Pois/Air       16%        N/A       77%         2
 Wereblood                Tmut           5%         N/A       89%         2
 Mephitic Cloud           Conj/Pois/Air  6%         N/A       98%         3
 Olgreb's Toxic Radiance  Pois           15%        N/A       98%         4
 Eringya's Noxious Bog    Tmut/Pois      5%         N/A       100%        6


Dungeon Overview and Level Annotations

Branches:
Dungeon (4/15)
 Temple: D:4-7

Altars:
Qazlal


Innate Abilities, Weirdness & Mutations

You cannot wear most types of armour.
You are amphibious.
You can wear up to eight rings at the same time.
Your skin changes colour to match your surroundings (Stealth+).
Your rubbery body absorbs attacks. (AC +1, EV +1)
((You are camouflaged when in or above water. (Stealth+)))
You have tentacles for arms and can constrict up to eight enemies at once.


Message History

Found a scroll labelled WYTEMM QYDEO.
The helpless steam dragon fails to defend itself.
You hit the steam dragon.
The steam dragon is poisoned.
The steam dragon is lightly wounded.
You block the steam dragon's attack. x2
An orc comes into view. It is wielding a +0 club.
A ball python comes into view.
You closely miss the steam dragon.
The ball python hisses angrily.
The orc shouts!
Your squeeze misses the steam dragon.
The steam dragon is moderately wounded.
The steam dragon breathes steam at you. The ball of steam misses you.
The steam dragon bites you. The steam dragon closely misses you.
You hear an angry hiss.
You are engulfed in a cloud of scalding steam.
There is a stone staircase leading up here.
You can't go down here!
You are engulfed in a cloud of scalding steam.
You block the steam dragon's attack. x2; The orc closely misses you.
You climb upwards.
There is a stone staircase leading down here.
You block the steam dragon's attack. x2
You barely miss the steam dragon. Your squeeze misses the steam dragon.
The steam dragon is moderately wounded.
The steam dragon breathes steam at you. The ball of steam misses you.
Your +0 dagger of venom stops dripping with poison.
Your +5 flail of freezing glows with a cold blue light!
w - a +5 flail of freezing (weapon)
You are engulfed in a cloud of scalding steam.
* * * LOW HITPOINT WARNING * * *
You block the steam dragon's attack. The steam dragon closely misses you.
You hit the steam dragon. You freeze the steam dragon.
You squeeze the steam dragon.
The steam dragon is severely wounded.
You are engulfed in a cloud of scalding steam.
* * * LOW HITPOINT WARNING * * *
You block the steam dragon's attack. The steam dragon claws you.
You die...

#.......# #. #.#####.# #.
#####################.#.###.####.
.................................
.......############.#.#.###.####.
.#####.#######..............# #.
................o.......###.# #)
##############.#D##...#.###.####.
§§§§§§§§§§ #.#@#.........†.....
§§§§§§§§§§ #.#§#....#.###.####.
§§§§§§§§§§ #.#§#....#.# #.# #.
§§§§§§§§§§ #.#.#....#.###.####.
####§§§§§§ #.#.#....#.....^....
†._#8§§§§§ #.#.#......########.
####§§§§§§####.#.#.......# #.
§§§§§§§§§§#....#.#......## #.
§§§§§§§§§§####.#.#......# #.


You could see a steam dragon (poisoned) and an orc.

Vanquished Creatures
  3 wights (D:3)
  Jessica (D:3)
  5 adders
  2 worms
  4 dart slugs
  4 orcs (D:3)
  7 endoplasms
  3 giant cockroaches
  3 goblins
  7 hobgoblins
  3 quokkas
  10 ball pythons
  6 bats
  3 frilled lizards
  6 kobolds
  9 rats
76 creatures vanquished.

Vanquished Creatures (others)
  3 plants (D:3)
3 creatures vanquished.

Grand Total: 79 creatures vanquished

Notes
Turn   | Place    | Note
-------+----------+-------------------------------------------
     0 | D:1      | tizbic2 the Octopode Venom Mage began the quest for the
                  | Orb.
     0 | D:1      | Reached XP level 1. HP: 11/11 MP: 3/3
   280 | D:1      | Reached XP level 2. HP: 17/17 MP: 3/5
   457 | D:1      | Found a faded altar of an unknown god.
   739 | D:1      | Reached XP level 3. HP: 21/21 MP: 6/6
   836 | D:1      | Reached skill level 1 in Maces & Flails
  1177 | D:2      | Reached skill level 1 in Shields
  1846 | D:2      | Reached skill level 2 in Shields
  1846 | D:2      | Reached XP level 4. HP: 3/27 MP: 7/7
  1858 | D:2      | HP: 1/27 [rat (2)]
  2416 | D:3      | Reached skill level 3 in Shields
  2416 | D:3      | Reached XP level 5. HP: 31/31 MP: 8/8
  2435 | D:3      | Reached skill level 4 in Shields
  2548 | D:3      | Noticed Jessica
  2567 | D:3      | Killed Jessica
  2568 | D:3      | Reached XP level 6. HP: 16/36 MP: 9/9
  2996 | D:3      | Reached skill level 5 in Shields
  3060 | D:3      | Got the Compendium of Viperous Shape Shifting
  3067 | D:3      | Found a stormy altar of Qazlal.
  3614 | D:4      | Noticed a steam dragon
  3629 | D:3      | Slain by a steam dragon

Illustrated notes

Levels and vault maps discovered:
D:1:      mainiacjoe_arrival_reflecting_pool, layout_basic,
          ebering_ecumenical_altar_rust
D:2:      minmay_evil_eye, layout_basic
D:3:      layout_basic, nicolae_qazlal_eye_of_the_storm, kennysheep_boxes,
          uniq_jessica
D:4:      layout_cave_pools, serial_shops, nicolae_take_the_stairs,
          portal_sewer_entry_b, guppyfry_shop_venom

Skill      XL: |  1  2  3  4  5  6 |
---------------+-------------------+-----
Poison Magic   | 4 |  4.1
Maces & Flails | 1 |  1.0
Shields        | 2 3 4 5 |  5.2
Dodging        | |  2.2
Stealth        | |  2.6
Unarmed Combat | |  0.9
Spellcasting   | |  2.1
Transmutations | |  1.0

Action                   |  1- 3 |  4- 6 || total
-------------------------+-------+-------++-------
Melee: Whip              |    64 |    19 ||    83
       Unarmed           |     2 |       ||     2
       Constrict         |    19 |    14 ||    33
       Tentacles         |    16 |    12 ||    28
       Short sword       |     2 |     1 ||     3
       Punch             |     2 |     1 ||     3
       Flail             |       |    25 ||    25
       Dagger            |       |    16 ||    16
 Cast: Sting             |    13 |       ||    13
  Use: Scroll            |     3 |     1 ||     4
       Potion            |     1 |     1 ||     2
 Stab: Sleeping          |     6 |     7 ||    13
Armor: Skin              |     5 |     5 ||    10
Dodge: Dodged            |    12 |    21 ||    33
Block: Tower shield      |    21 |    39 ||    60
